AoeStats
← luke

Arabia

509896845Analyzed
1v1 RM · 5d ago on Sep 28, 2026· 33m 15s· 2 players
Game mode
Random Map
Map size
Tiny (2 player)
Population
200
Speed
Normal
Resources
Standard
Victory
Conquest
Starting age
Dark Age
Ending age
Imperial Age
RankedLock teamsTeams togetherTeam positionsShared explorationLock speedFull tech treeHidden civsTurbo modeCheats
Victory
Defeat
🇫🇷 Ethiopians · France
787
+17
🇬🇧 Poles · United Kingdom
805
-17
tontonkuk
5:42 Loom
9:56 Feudal Age
16:20 Fletching
19:08 Wheelbarrow
18:37 Double-Bit Axe
18:33 Horse Collar
27:31 Castle Age
30:42 Bodkin Arrow
30:58 Thumb Ring
32:53 Hand Cart
32:24 Town Watch
luke
6:14 Loom
10:51 Feudal Age
11:37 Horse Collar
14:55 Gold Mining
20:06 Padded Archer Armor
26:00 Castle Age
Connection lost

Rejoining the realm…

Still unreachable

The connection could not be restored.

Session expired

The server has moved on; the page needs a fresh start.